cohdb
Replays
Latest Replays
All Replays
Popular Replays
Top Player Replays
Match Explorer
How It Works
Community
CoH3 Stats
Reddit
Sign in to upload your games and track your stats! →
Sign in with Steam
Match 43682228
Unlisted
Match 43682228
Overview
Messages
Build Orders
End
Panzergrenadier Squad
Kradschützen Motorcycle Team
Panzergrenadier Squad
Panzergrenadier Squad
Construct Light Support Kompanie
2.5-tonne Medical Truck
Fire Support Elements
Panzerjäger Mechanized Group
Veteran Squad Leaders
Forward Retreat Point
Construct Panzerarmee Kommand
Rapid Advance
Selects Panzerjäger Kommand Battlegroup
Selects Tank Busters
Selects Crew Shock Tactics
Selects Anti-tank Overwatch
Selects Mine Fields
Armored Reserves
Tungsten Core Ammunition
Anti-tank Overwatch
Selects Defensive Positions
Selects Butterfly Bomb Drop
Tiger Heavy Tank
Advanced Optics
Vehicle Survival Package
Butterfly Bomb Drop
Walking Stuka Rocket Launcher
Anti-tank Overwatch
Emergency Repair Kits
Panzer IV Assault Group
Anti-tank Overwatch
Advanced Field Repairs
Panzer IV Assault Group
Anti-tank Overwatch
Flak 36 Anti-tank Gun Team
Construct Mechanized Kompanie
18-tonne Recovery Half-track
Anti-tank Overwatch
StuG Assault Group
Panzerpioneer Squad
Anti-tank Overwatch
MG34 Team
MG34 Team
Panzergrenadier Squad
Panzergrenadier Squad
2.5-tonne Medical Truck
Anti-tank Overwatch
Panzer IV Assault Group
Anti-tank Overwatch
Anti-tank Overwatch
MuniekPL
|-J5D-| MAREK POLSKA
Zmasowany
Husar
Felipe
SIEPACZ
0
0
Comments
sign in to comment!
No comments posted yet!